 Dungeon Crawl Stone Soup version 0.31-a0-219-g8d62b2e7bb (webtiles) character file.

Game seed: 15100821504989092189

25 Anon1729 the Trooper (level 2, -2/27 HPs)
             Began as a Minotaur Monk on July 3, 2023.
             Slain by Terence
             ... wielding a +0 flail
              (11 damage)
             ... on level 2 of the Dungeon.
             The game lasted 00:00:14 (429 turns).

Anon1729 the Trooper (Minotaur Monk)                 Turns: 429, Time: 00:00:15

Health: -2/27      AC:  2    Str: 15    XL:     2   Next: 82%
Magic:  1/1        EV: 13    Int:  7    God:
Gold:   29         SH:  0    Dex: 12    Spells: 1/1 levels left

rFire   . . .        i - +2 short sword (drain)
rCold   . . .        d - orb {light}
rNeg    . . .        b - +0 robe
rPois   .            (helmet restricted)
rElec   .            (no cloak)
rCorr   .            (no gloves)
SInv    .            (no boots)
Will    .....        (no amulet)
Stlth   +            (no ring)
HPRegen 0.24/turn    (no ring)
MPRegen 0.07/turn

%: no passive effects
@: glowing
A: horns 2, retaliatory headbutt
a: no special abilities


You were on level 2 of the Dungeon.
You visited 1 branch of the dungeon, and saw 2 of its levels.

You collected 29 gold pieces.

Inventory:

Hand Weapons
 a - a +0 short sword
 i - a +2 short sword of draining (weapon)
Armour
 b - a +0 robe (worn)
 d - an orb of light (worn)
Scrolls
 f - a scroll of identify {unknown}
 g - a scroll of noise {unknown}
 h - a scroll of enchant weapon {unknown}
Potions
 c - a potion of ambrosia
 e - a potion of might {unknown}


   Skills:
 + Level 3.9 Fighting
 + Level 3.5 Short Blades
 + Level 1.1 Armour
 + Level 3.5 Dodging
 + Level 0.9 Invocations


You had one spell level left.
You didn't know any spells.
Your spell library was empty.

Dungeon Overview and Level Annotations

Branches:
Dungeon (2/15)

Altars:

Annotations:
D:2 Terence


Innate Abilities, Weirdness & Mutations

You have a pair of horns on your head.
You reflexively headbutt those who attack you in melee.


Message History

You headbutt Terence, but do no damage. You hit Terence but do no damage.
Your headbutt misses Terence.
Terence is heavily wounded.
Terence hits you with a +0 flail!
You hit Terence but do no damage. Your headbutt misses Terence.
Terence is heavily wounded.
Terence completely misses you.
You hit Terence but do no damage. You headbutt Terence, but do no damage.
Terence is heavily wounded.
You hit Terence. Your headbutt misses Terence.
Terence is heavily wounded.
Terence hits you with a +0 flail.
You are too injured to fight recklessly!
You are too injured to fight recklessly!
You are too injured to fight recklessly!
You are too injured to fight recklessly!
You are too injured to fight recklessly!
You are too injured to fight recklessly!
You are too injured to fight recklessly!
You are too injured to fight recklessly!
Terence attacks as you move away! Terence hits you with a +0 flail.
* * * LOW HITPOINT WARNING * * *
Terence attacks as you move away! Terence completely misses you.
You see here a +2 short sword of draining.
You sense an unholy aura.
i - a +2 short sword of draining (weapon)
Terence misses you.
You hit Terence.
Terence is severely wounded.
You hit Terence but do no damage. You drain Terence.
You headbutt Terence, but do no damage.
Terence is almost dead.
Terence barely misses you.
You hit Terence but do no damage. You headbutt Terence, but do no damage.
Terence is almost dead.
Terence misses you.
You barely miss Terence.
Terence is almost dead.
Terence hits you with a +0 flail!
You die...

#.### ## .... ..
..## #.# ##...#
####.######.#
............#
##.###.###.#
####.###.@###..
#..†.....@# #.# #
#.........# .#
##.####..#####..# #
#..#..†..#$$J#.....
#.......†#))?#...##
#.##.##..#$?!#...#
##.##.##..#####....#
......)..........#..
.#.##<##.........


You could see Terence (very drained) and an endoplasm.

Vanquished Creatures
  A worm (D:2)
  4 giant cockroaches
  3 goblins
  5 jackals (D:1)
  A quokka (D:1)
  A ball python (D:2)
  A bat (D:1)
  A frilled lizard (D:1)
  2 kobolds (D:1)
19 creatures vanquished.

Notes
Turn   | Place    | Note
-------+----------+-------------------------------------------
     0 | D:1      | Anon1729 the Minotaur Monk began the quest for the Orb.
     0 | D:1      | Reached XP level 1. HP: 19/19 MP: 0/0
   151 | D:1      | Reached XP level 2. HP: 26/27 MP: 1/1
   308 | D:1      | Reached skill level 1 in Armour
   340 | D:1      | You fall into a shaft and drop 1 floor!
   409 | D:2      | Noticed Terence
   429 | D:2      | Slain by Terence

Illustrated notes

Levels and vault maps discovered:
D:1:      heliophobic_arrival_glass_houses, layout_basic,
          dreamdust_ecumenical_altar_sealed_demon, minmay_gold_behind_fungi,
          st_stairs_2
D:2:      layout_loops_ring, due_unseen_surprise, uniq_terence, uniq_natasha,
          uniq_jessica

Skill      XL: |  1  2 |
---------------+-------+-----
Armour         | 1 |  1.1
Fighting       | |  3.9
Short Blades   | |  3.5
Dodging        | |  3.5
Invocations    | |  0.9

Action                     || total
---------------------------++-------
  Melee: Short sword       ||    56
         Headbutt          ||    12
 Armour: Robe              ||     6
  Dodge: Dodged            ||    42

Table legend: (Time is in decaauts)
 A = Elapsed time spent in this place.
 B = Non-inter-level travel time spent in this place.
 C = Inter-level travel time spent in this place.
 D = Time resting spent in this place.
 E = Time spent auto-exploring this place.
 F = Levels seen in this place.
 G = Mean time per level.
                   A        B        C        D        E       F      G
               +--------+--------+--------+--------+--------+-----+--------+
         Total |    418 |    418 |      0 |     50 |    259 |   2 |  209.0 |
       Dungeon |    418 |    418 |      0 |     50 |    259 |   2 |  209.0 |
               +--------+--------+--------+--------+--------+-----+--------+

Top non-repeatable levels by time:
     D:1: 335 daAuts
     D:2: 83 daAuts
